 Dungeon Crawl Stone Soup version 0.32-a0-953-g508020473e (webtiles) character file.

Game seed: 14715602665579912087

18 KennySheep the Magician (level 2, 0/15 HPs)
             Began as a Deep Elf Wanderer on Apr 16, 2024.
             Slain by a jackal (3 damage)
             ... on level 1 of the Dungeon.
             The game lasted 00:02:52 (289 turns).

KennySheep the Magician (Deep Elf Wanderer)          Turns: 289, Time: 00:02:53

Health: 0/15       AC:  2    Str:  8    XL:     2   Next: 51%
Magic:  8/8        EV: 10    Int: 18    God:
Gold:   33         SH:  0    Dex: 13    Spells: 7/7 levels left

rFire   . . .        a - +2 quarterstaff (spect)
rCold   . . .        (shield currently unavailable)
rNeg    . . .        d - +0 robe
rPois   .            (no helmet)
rElec   .            (no cloak)
rCorr   .            (no gloves)
SInv    .            (no boots)
Will    .....        (no amulet)
Stlth   ++           (no ring)
HPRegen 0.22/turn    (no ring)
MPRegen 0.11/turn

%: no passive effects
@: no status effects
A: no striking features
a: no special abilities


You were on level 1 of the Dungeon.
You visited 1 branch of the dungeon, and saw 1 of its levels.

You collected 33 gold pieces.

Inventory:

Hand Weapons
 a - a +2 spectral quarterstaff (weapon)
Armour
 c - an orb of energy
 d - a +0 robe (worn)
Wands
 b - a wand of flame (6) (quivered)


   Skills:
 - Level 3.0 Staves
 + Level 0.8 Dodging
 + Level 1.6 Stealth
 * Level 3.4 Spellcasting
 + Level 1.4 Necromancy
 - Level 1.0 Invocations
 * Level 2.6 Evocations


You had 7 spell levels left.
You didn't know any spells.
Your spell library contained the following spells:

 Spells                   Type           Power      Damage    Failure   Level
 Sublimation of Blood     Necr           8%         N/A       13%         2
 Cigotuvi's Dreadful Rot  Necr/Alch/Air  8%         N/A       19%         2


Dungeon Overview and Level Annotations

Branches:
Dungeon (1/15)

Altars:


Message History

The jackal bites you but does no damage.
The jackal closely misses you. The jackal attacks as it pursues you!
The jackal bites you.
You barely miss the jackal.
The jackal barks! x2
The jackal bites you. x2
You aren't carrying any potions.
Unknown command.
As you read the scroll labelled ETOSTO ULIMIU, it crumbles to dust.
It is a scroll of brand weapon.
Your +2 quarterstaff acquires a faint afterimage.
a - a +2 spectral quarterstaff (weapon)
The jackal bites you.
* * * LOW HITPOINT WARNING * * *
You hit the jackal.
The jackal is lightly wounded.
Your +2 spectral quarterstaff hits the jackal but does no damage.
The jackal closely misses you.
The jackal bites you but does no damage.
You hit the jackal.
You kill the jackal!
Your +2 spectral quarterstaff disappears.
The jackal closely misses you.
You closely miss the jackal.
Your +2 spectral quarterstaff hits the jackal!
You kill the jackal!
The jackal bites you.
* * * LOW HITPOINT WARNING * * *
The jackal misses you.
You hit the jackal.
The jackal is lightly wounded.
Your +2 spectral quarterstaff hits the jackal.
The jackal completely misses you. The jackal bites you.
* * * LOW HITPOINT WARNING * * *
You swap places.
Your +2 spectral quarterstaff disappears.
The jackal bites you but does no damage.
The jackal attacks as it pursues you! The jackal closely misses you.
The jackal bites you.
You die...

.
##...(.....##.###.####
l...##..#..### ##..#
#.# ......g....# #..##
#.# ....######.## #.##
#.# . #.g####.# #.#
##.##...# #.# #g##.###
## #hh..# ##. ##@)##
#†. #..# . ##.# #..#
....##..# #..#
......... ....
.....#... .###.#
####.#.(. . .# . ####
.. . . .# ##


You could see 2 jackals and 2 hobgoblins.

Vanquished Creatures
  A dart slug (D:1)
  3 endoplasms (D:1)
  2 giant cockroaches (D:1)
  A hobgoblin (D:1)
  2 jackals (D:1)
  A ball python (D:1)
  A bat (D:1)
  3 kobolds (D:1)
  A rat (D:1)
15 creatures vanquished.

Notes
Turn   | Place    | Note
-------+----------+-------------------------------------------
     0 | D:1      | KennySheep the Deep Elf Wanderer began the quest for the
                  | Orb.
     0 | D:1      | KennySheep set off with the following items: a +2
                  | quarterstaff, a wand of flame (6), a potion of haste, a +0
                  | robe; and the following spells available to memorise:
                  | Sublimation of Blood, Cigotuvi's Dreadful Rot.
     0 | D:1      | Reached XP level 1. HP: 10/10 MP: 6/6
   152 | D:1      | Reached XP level 2. HP: 7/15 MP: 8/8
   289 | D:1      | Slain by a jackal

Illustrated notes

Levels and vault maps discovered:
D:1:      psy_arrival_conway, layout_rooms, amcnicky_mini_pool_small

Action                     || total
---------------------------++-------
  Melee: Quarterstaff      ||    41
    Use: Potion            ||     1
         Scroll            ||     1
   Stab: Sleeping          ||     2
 Armour: Robe              ||    37
  Dodge: Dodged            ||    23

Table legend: (Time is in decaauts)
 A = Elapsed time spent in this place.
 B = Non-inter-level travel time spent in this place.
 C = Inter-level travel time spent in this place.
 D = Time resting spent in this place.
 E = Time spent auto-exploring this place.
 F = Levels seen in this place.
 G = Mean time per level.
                   A        B        C        D        E       F      G
               +--------+--------+--------+--------+--------+-----+--------+
         Total |    285 |    285 |      0 |     36 |    129 |   1 |  285.0 |
       Dungeon |    285 |    285 |      0 |     36 |    129 |   1 |  285.0 |
               +--------+--------+--------+--------+--------+-----+--------+

Top non-repeatable levels by time:
     D:1: 285 daAuts
